 Dungeon Sprint DCSS version 0.30-a0-830-gfe289a77b0 (webtiles) character file.

Game seed: 12278033607696211250

15494 dialectric the Impaler (level 12, -23/86 HPs)
             Began as a Gargoyle Berserker on Feb 28, 2023.
             Was a High Priest of Trog.
             Annihilated by a kraken (25 damage)
             ... in the Dungeon (Sprint II: "The Violet Keep of Menkaure").
             The game lasted 00:13:03 (1863 turns).

dialectric the Impaler (Gargoyle Berserker)         Turns: 1863, Time: 00:13:04

Health: -23/86     AC: 40    Str: 23    XL:     12   Next: 27%
Magic:  0/12       EV:  7    Int:  9    God:    Trog [*****.]
Gold:   754        SH:  0    Dex: 11    Spells: 11/11 levels left

rFire   + + .      SeeInvis .    E - +1 glaive "Ebemubli" {heavy, rF+ rN++ Will+}
rCold   + . .      Faith    .    (shield currently unavailable)
rNeg    + + +      Spirit   +    l - +0 gold dragon scales
rPois   ∞          Reflect  .    w - +0 helmet
rElec   +          Harm     .    r - +0 cloak {rCorr}
rCorr   +          Rampage  .    k - +2 pair of gloves
Will    +....      NoTele   +    a - +0 pair of boots Stlth
                                 B - amulet of guardian spirit
HPRegen 0.34/turn                C - +4 ring of protection
MPRegen 0.13/turn                (no ring)

@: no status effects
A: sickness immunity, AC +8, negative energy resistance 1, electricity
resistance, torment resistance 1, petrification resistance
a: Renounce Religion, Berserk, Trog's Hand, Brothers in Arms


You were in the Dungeon.
You worshipped Trog.
Trog was extremely pleased with you.
You visited 1 branch You collected 2077 gold pieces.
You spent 1323 gold pieces at shops.

Inventory:

Hand Weapons
 i - the +7 glaive "Eliuseb" {venom, *Corrode rElec Dex+2 Stlth+}
   (You bought it in a shop in the Dungeon)

   Dex:       It affects your dexterity (+2).
   rElec:     It insulates you from electricity.
   *Corrode:  It may corrode you when you take damage.
   Stlth:     It makes you more stealthy.
 E - the +1 glaive "Ebemubli" (weapon) {heavy, rF+ rN++ Will+}
   (Trog gifted it to you in the Dungeon)

   rF:        It protects you from fire.
   rN:        It greatly protects you from negative energy.
   Will:      It increases your willpower.
Armour
 a - a +0 pair of boots (worn)
 j - the +0 chain mail of Beauty {Str+2}
   (You bought it in a shop in the Dungeon)

   Str:       It affects your strength (+2).
 k - a +2 pair of gloves (worn)
 l - +0 gold dragon scales (worn)
 r - a +0 cloak of preservation (worn)
 w - a +0 helmet (worn)
 x - a +2 pair of gloves
 F - +1 fire dragon scales
Jewellery
 n - an amulet of reflection
 s - an amulet of regeneration
 B - an amulet of guardian spirit (around neck)
 C - a +4 ring of protection (left hand)
Scrolls
 b - a scroll of fog {unknown}
 h - 2 scrolls of blinking
 m - a scroll of amnesia {unknown}
 q - 4 scrolls of enchant weapon {unknown}
 v - 3 scrolls of identify {unknown}
 y - a scroll of torment {unknown}
 A - a scroll of vulnerability {unknown}
Potions
 c - a potion of curing
 d - 11 potions of flight
 e - 2 potions of haste
 f - 5 potions of magic
 g - a potion of berserk rage
 o - a potion of attraction {unknown}
 p - 3 potions of might {unknown}
 t - 2 potions of heal wounds
 u - 3 potions of resistance {unknown}
 z - a potion of degeneration {unknown}
 D - 4 potions of mutation {unknown}


   Skills:
 + Level 14.4 Fighting
 - Level 14.4 Maces & Flails
 * Level 18.2 Polearms
 * Level 13.6 Armour
 * Level 6.4 Dodging
 - Level 1.2 Stealth


You had 11 spell levels left.
You didn't know any spells.
Your spell library was empty.

Dungeon Overview and Level Annotations

Branches:
Dungeon (1/1)

Altars:
Cheibriados
Dithmenos
Elyvilon
Fedhas
Gozag
Kikubaaqudgha
Makhleb
Nemelex Xobeh
Okawaru
Qazlal
Ru
Sif Muna
Trog
Uskayaw
Vehumet
Wu Jian
Xom
Yredelemnul
Zin
The Shining One
Jiyva
Lugonu

Shops:
D ?**?:[[!((*[([*[===!?[(:![!**[(

Annotations:
D exclusion: oklob plant


Innate Abilities, Weirdness & Mutations

You are immune to sickness and miasma.
Your stone body is resilient. (AC +8)
You are immune to poison.
You resist negative energy. (rN+)
You are resistant to electric shocks. (rElec)
You are resistant to unholy torment.
You are immune to petrification.


Message History

Your troll claws the kraken but does no damage.
The kraken closely misses you.
Your troll bites the kraken.
Your troll claws the kraken. x2; The kraken bites your troll!
You catch the helpless kraken completely off-guard!
You hit the kraken.
The kraken is severely wounded.
Your troll bites the kraken but does no damage.
Your troll claws the kraken!
Your troll claws the kraken but does no damage.
The kraken bites your troll!!!
Your troll dies!
Your troll's corpse disappears in a puff of smoke!
You slice the kraken!!
The kraken is severely wounded.
Tentacles burst out of the water!
The kraken squirts a massive cloud of ink into the water! 4 tentacles come into view.
You hit the kraken but do no damage.
The kraken is severely wounded.
The tentacle slaps you but does no damage. x2
The kraken bites you but does no damage.
The tentacle slaps you.
The tentacle slaps you but does no damage.
The kraken squirts a massive cloud of ink into the water!
You slash the kraken!
The kraken is almost dead.
The tentacle slaps you but does no damage.
The tentacle slaps you! The kraken bites you!
* * * LOW HITPOINT WARNING * * *
The tentacle closely misses you. The tentacle slaps you.
* * * LOW HITPOINT WARNING * * *
You slice the kraken!!
The kraken is almost dead.
The kraken bites you!!
* * * LOW HITPOINT WARNING * * *
The tentacle slaps you but does no damage.
The tentacle slaps you.
* * * LOW HITPOINT WARNING * * *
The kraken bites you!!
You die...

.#..#○)▓.())...[▓▓
.##.#)=▓.....[[[▓▓
...####▓.)[.)...▓▓
#).##.#▓..:....|▓▓
'..#..#▓...(.)).▓▓
#..#).#▓.[......▓▓
#..##)#▓..[(.(.[▓▓
##...##▓▓▓▓▓▓▓'▓▓▓▓+▓
.§§~~~~~~~~~§§..@Xw≈▓
.~#+########'###www≈▓
.~#....._._#~~~##§§≈▓
.~#...._._.#~§§≈####▓▓
~~#..._._._#~§~~≈##..#
~~#.._._._.#§~§≈§§#[.#
≈~#._._._._#§§~~§≈§..+
≈≈#_._._._.#~~§~§~#..#
._._..#§§≈≈≈≈▓..#


You could see a kraken and 4 tentacles.

Vanquished Creatures
  A golden dragon (D)
  A storm dragon (D)
  Kirke (D)
  A crystal guardian (D)
  A fire dragon (D)
  A yaktaur captain (D)
  A great orb of eyes (D)
  A centaur warrior (D)
  A death yak (D)
  2 hell hogs (D)
  A skeletal warrior (D)
  2 death drakes (D)
  An obsidian statue (D)
  2 deep trolls (D)
  An elephant (D)
  2 slime creatures (D)
  2 cane toads (D)
  2 wyverns (D)
  A vampire mosquito (D)
  Menkaure (D)
  4 water moccasins (D)
  2 swamp drakes (D)
  3 black bears (D)
  5 necrophages (D)
  4 scorpions (D)
  3 lava snakes (D)
  An iron imp (D)
  3 worms (D)
51 creatures vanquished.

Vanquished Creatures (collateral kills)
  A yaktaur (D)
  A hornet (D)
  3 polar bears (D)
  2 tentacles (D)
7 creatures vanquished.

Vanquished Creatures (others)
  A kobold demonologist (D)
  A water moccasin (D)
  8 tentacles (D)
10 creatures vanquished.

Grand Total: 68 creatures vanquished

Notes
Turn   | Place    | Note
-------+----------+-------------------------------------------
     0 | D        | dialectric the Gargoyle Berserker began the quest for the
                  | Orb.
     0 | D        | Reached XP level 1. HP: 14/14 MP: 1/1
     1 | D        | Noticed a scorpion
     1 | D        | Noticed a scorpion
     9 | D        | Killed a scorpion
    10 | D        | Reached skill level 5 in Maces & Flails
    10 | D        | Reached XP level 2. HP: 22/22 MP: 2/2
    10 | D        | Reached XP level 3. HP: 27/27 MP: 3/3
    10 | D        | Reached XP level 4. HP: 32/32 MP: 4/4
    10 | D        | Noticed a scorpion
    10 | D        | Noticed a scorpion
    15 | D        | Killed a scorpion
    16 | D        | Reached XP level 5. HP: 38/38 MP: 5/5
    16 | D        | Reached ** piety under Trog
    16 | D        | Killed a water moccasin
    21 | D        | Reached XP level 6. HP: 33/44 MP: 6/6
    49 | D        | Noticed a wyvern
    49 | D        | Noticed a wyvern
    59 | D        | Killed a wyvern
    60 | D        | Reached skill level 5 in Armour
    64 | D        | Noticed Menkaure
    72 | D        | Killed a wyvern
    73 | D        | Reached XP level 7. HP: 37/49 MP: 7/7
    74 | D        | Killed Menkaure
    74 | D        | Reached *** piety under Trog
   229 | D        | Reached **** piety under Trog
   244 | D        | Found Iclodal's Distillery.
   244 | D        | Found Ciuryq's Antique Armour Boutique.
   244 | D        | Found Keozom's Antique Weapon Shop.
   244 | D        | Found Hoguarom's Book Shop.
   244 | D        | Found Qampymp's Jewellery Boutique.
   244 | D        | Found Ifih Qysk's Armour Boutique.
   244 | D        | Found Dydgheat's Jewellery Shop.
   245 | D        | Found Nugiraw's General Store.
   246 | D        | Found Wointomi's Antique Armour Boutique.
   247 | D        | Found Koxic's Distillery.
   247 | D        | Noticed a wyvern
   247 | D        | Noticed a wyvern
   248 | D        | Found Teothiwn's Antique Weapon Shop.
   248 | D        | Found Pukunite's Distillery.
   248 | D        | Noticed an oklob plant
   248 | D        | Noticed a polar bear
   250 | D        | Noticed a polar bear
   257 | D        | Reached XP level 8. HP: 37/54 MP: 8/8
   257 | D        | Found Vigul Xach's Magic Scroll Shop.
   257 | D        | Found Pimepp's Assorted Antiques.
   257 | D        | Found Peremoxu's Book Shoppe.
   322 | D        | Noticed an iron elemental
   327 | D        | Bought a potion of flight for 36 gold pieces
   335 | D        | Bought an ichor-stained glaive for 276 gold pieces
   335 | D        | Identified the +7 glaive "Eliuseb" {venom, *Corrode rElec
                  | Dex+2 Stlth+} (You bought it in a shop in the Dungeon)
   338 | D        | Bought a masterwork chain mail for 247 gold pieces
   338 | D        | Identified the +0 chain mail of Beauty {Str+2} (You bought
                  | it in a shop in the Dungeon)
   368 | D        | Reached skill level 1 in Polearms
   392 | D        | Reached ***** piety under Trog
   409 | D        | Bought a pair of runed gloves for 195 gold pieces
   418 | D        | Bought a +0 cloak for 45 gold pieces
   445 | D        | Noticed an obsidian statue
   459 | D        | Found a snail-covered altar of Cheibriados.
   460 | D        | Found a shadowy altar of Dithmenos.
   461 | D        | Found a white marble altar of Elyvilon.
   461 | D        | Found an ancient bone altar of Kikubaaqudgha.
   461 | D        | Found a viscous altar of Jiyva.
   462 | D        | Found a blossoming altar of Fedhas.
   462 | D        | Found a corrupted altar of Lugonu.
   462 | D        | Found a shimmering blue altar of Sif Muna.
   463 | D        | Found an opulent altar of Gozag.
   463 | D        | Found a burning altar of Makhleb.
   463 | D        | Found a bloodstained altar of Trog.
   464 | D        | Found a sparkling altar of Nemelex Xobeh.
   464 | D        | Found a hide-covered altar of Uskayaw.
   468 | D        | Noticed a cane toad
   469 | D        | Noticed a cane toad
   473 | D        | Killed a cane toad
   474 | D        | Reached skill level 3 in Polearms
   476 | D        | Killed a cane toad
   477 | D        | Reached skill level 10 in Fighting
   477 | D        | Reached skill level 5 in Polearms
   483 | D        | Upgraded the game from 0.30-a0-824-g6c64550be9 to
                  | 0.30-a0-830-gfe289a77b0
   524 | D        | Noticed a slime creature
   524 | D        | Noticed a slime creature
   525 | D        | Noticed a slime creature
   534 | D        | Killed a large slime creature
   535 | D        | Reached skill level 6 in Polearms
   535 | D        | Reached XP level 9. HP: 64/64 MP: 9/9
   537 | D        | Reached skill level 7 in Polearms
   549 | D        | Found an iron altar of Okawaru.
   549 | D        | Found a radiant altar of Vehumet.
   549 | D        | Found a glowing silver altar of Zin.
   550 | D        | Noticed a yaktaur
   550 | D        | Noticed a hornet
   550 | D        | Noticed a polar bear
   550 | D        | Noticed a polar bear
   552 | D        | Killed a polar bear
   553 | D        | Reached skill level 8 in Polearms
   553 | D        | Killed a polar bear
   554 | D        | Killed a hornet
   555 | D        | Reached skill level 9 in Polearms
   557 | D        | Killed a yaktaur
   558 | D        | Reached skill level 10 in Polearms
   558 | D        | Noticed a polar bear
   561 | D        | Killed a polar bear
   561 | D        | Received a gift from Trog
   570 | D        | Found a basalt altar of Yredelemnul.
   576 | D        | Noticed a kraken
   587 | D        | Found a shimmering altar of Xom.
   587 | D        | Found a sacrificial altar of Ru.
   591 | D        | Reached XP level 10. HP: 55/72 MP: 10/10
   716 | D        | Found a glowing golden altar of the Shining One.
   716 | D        | Found an ornate altar of the Wu Jian Council.
   716 | D        | Found a stormy altar of Qazlal.
   725 | D        | Noticed a deep troll
   725 | D        | Noticed a deep troll
   732 | D        | Killed a deep troll
   733 | D        | Reached skill level 11 in Polearms
   733 | D        | Reached skill level 1 in Stealth
   734 | D        | Killed a deep troll
   735 | D        | Reached skill level 12 in Polearms
   772 | D        | Noticed a death drake
   774 | D        | Noticed a death drake
   774 | D        | Noticed a crystal guardian
   779 | D        | Killed a death drake
   781 | D        | Received a gift from Trog
   787 | D        | Killed a crystal guardian
   788 | D        | Reached skill level 13 in Polearms
   797 | D        | Killed a death drake
   854 | D        | Bought a potion of heal wounds for 60 gold pieces
   857 | D        | Bought a pair of boots for 94 gold pieces
   873 | D        | Bought a runed cloak for 195 gold pieces
   901 | D        | Noticed Kirke
   901 | D        | Noticed a kobold demonologist
   902 | D        | Noticed a yaktaur captain
   902 | D        | Noticed an elephant
   903 | D        | Noticed a skeletal warrior
   906 | D        | Noticed a centaur warrior
   919 | D        | Killed a kobold demonologist
   920 | D        | Reached skill level 14 in Polearms
   920 | D        | Reached skill level 10 in Armour
   920 | D        | Reached XP level 11. HP: 77/78 MP: 11/11
   920 | D        | Killed Kirke
   920 | D        | Identified the +1 glaive "Ebemubli" {heavy, rF+ rN++ Will+}
                  | (Trog gifted it to you in the Dungeon)
   920 | D        | Received a gift from Trog
   932 | D        | Killed a skeletal warrior
   933 | D        | Reached skill level 15 in Polearms
   936 | D        | Killed a centaur warrior
   941 | D        | Killed a yaktaur captain
   942 | D        | Noticed a hell hog
  1113 | D        | Killed a hell hog
  1177 | D        | Reached ****** piety under Trog
  1186 | D        | Noticed a hell hog
  1201 | D        | Killed a hell hog
  1202 | D        | Reached skill level 16 in Polearms
  1202 | D        | Reached skill level 5 in Dodging
  1214 | D        | Bought a potion of heal wounds for 50 gold pieces
  1214 | D        | Bought a potion of heal wounds for 50 gold pieces
  1289 | D        | Received a gift from Trog
  1309 | D        | Noticed a great orb of eyes
  1312 | D        | Killed a great orb of eyes
  1317 | D        | Noticed a fire dragon
  1317 | D        | Noticed a death yak
  1323 | D        | Killed a death yak
  1332 | D        | Killed a fire dragon
  1333 | D        | Reached skill level 17 in Polearms
  1333 | D        | Identified the +7 halberd of Purpose {antimagic, rPois
                  | Will+ Str-4} (Trog gifted it to you in the Dungeon)
  1333 | D        | Received a gift from Trog
  1374 | D        | Found Qunor's Magic Scroll Emporium.
  1374 | D        | Found Lochoc Joddi's Antique Armour Shop.
  1374 | D        | Found Soufu's General Store.
  1374 | D        | Found Ygaick's Armour Shoppe.
  1374 | D        | Found Doevuh's General Store.
  1375 | D        | Found Zixohih's Weapon Shoppe.
  1375 | D        | Found Lugischi's Weapon Boutique.
  1375 | D        | Found Zoissot's Antique Armour Emporium.
  1375 | D        | Found Zuss's Distillery.
  1375 | D        | Found Sufek's Armour Emporium.
  1375 | D        | Found Qelim's Jewellery Shop.
  1375 | D        | Found Yhaesin's Magic Scroll Shoppe.
  1459 | D        | Bought a scroll of enchant armour for 75 gold pieces
  1508 | D        | Killed an obsidian statue
  1669 | D        | Found Zomas's Weapon Boutique.
  1669 | D        | Found Juhumeqe's Antique Armour Shoppe.
  1669 | D        | Found Ziwan's General Store.
  1669 | D        | Found Ililou Maqy's General Store.
  1669 | D        | Noticed a storm dragon
  1678 | D        | Killed a storm dragon
  1679 | D        | Reached XP level 12. HP: 58/85 MP: 7/12
  1768 | D        | Noticed a golden dragon
  1779 | D        | Killed a golden dragon
  1780 | D        | Reached skill level 18 in Polearms
  1863 | D        | HP: 4/86 [kraken (16)]
  1863 | D        | Annihilated by a kraken

Illustrated notes

Levels and vault maps discovered:
D:        the_violet_keep_of_menkaure [sprint2_stairs_cluster_1,
          sprint2_shoproom, sprint2_temple, sprint2_basic_supplies,
          sprint2_obstacle_5, sprint2_obstacle_4, sprint2_obstacle_3,
          sprint2_obstacle_2, sprint2_obstacle_7, sprint2_timed_cluster_1,
          sprint2_smallroom_cluster_1, sprint2_smallroom_final_cluster_1,
          sprint2_transparent_cluster_1, sprint2_second_timed_cluster_1,
          sprint2_sniper_area_1, sprint2_heavy_combat_area_1,
          sprint2_mutation_trap_area_1, sprint2_forest_area_1,
          sprint2_light_combat_area_1, sprint2_behind_water_1,
          sprint2_near_end_vault_1]

Skill      XL: |  1  2  3  4  5  6  7  8  9 10 11 12 |
---------------+-------------------------------------+-----
Fighting       | 6 7 8 11 12 13 14 | 14.4
Maces & Flails | 5 6 9 12 14 | 14.4
Armour         | 3 4 5 6 7 10 13 | 13.6
Dodging        | 2 3 4 6 |  6.4
Polearms       | 6 10 14 17 18 | 18.2
Stealth        | 1 |  1.2

Action                     |  1- 3 |  4- 6 |  7- 9 | 10-12 || total
---------------------------+-------+-------+-------+-------++-------
  Melee: Mace              |     5 |    24 |    38 |       ||    67
         Glaive            |       |       |    35 |   150 ||   185
 Invoke: Berserk           |     1 |     1 |     2 |     6 ||    10
         Brothers in Arms  |       |       |     1 |     1 ||     2
    Use: Potion            |       |     1 |       |     5 ||     6
         Scroll            |       |       |       |     2 ||     2
   Stab: Distracted        |       |       |       |     1 ||     1
 Armour: Animal skin       |     1 |     8 |     8 |       ||    17
         Chain mail        |       |       |    44 |    73 ||   117
         Fire dragon scale |       |       |       |    28 ||    28
         Gold dragon scale |       |       |       |    10 ||    10
  Dodge: Dodged            |     4 |    18 |    34 |    83 ||   139

Table legend: (Time is in decaauts)
 A = Elapsed time spent in this place.
 B = Non-inter-level travel time spent in this place.
 C = Inter-level travel time spent in this place.
 D = Time resting spent in this place.
 E = Time spent auto-exploring this place.
 F = Levels seen in this place.
 G = Mean time per level.
                   A        B        C        D        E       F      G
               +--------+--------+--------+--------+--------+-----+--------+
         Total |   2015 |   2015 |      0 |    608 |    324 |   1 | 2015.0 |
       Dungeon |   2015 |   2015 |      0 |    608 |    324 |   1 | 2015.0 |
               +--------+--------+--------+--------+--------+-----+--------+

Top non-repeatable levels by time:
       D: 2015 daAuts
